 Dungeon Crawl Stone Soup version 0.19.4-8-ga85b6b9 (webtiles) character file.

30 Gargoyl the Skirmisher (level 3, 0/31 HPs)
             Began as a Ghoul Abyssal Knight on Feb 8, 2017.
             Was a Follower of Lugonu.
             Slain by a goblin (1 damage)
             ... led by Robin
             ... on level 1 of the Dungeon.
             The game lasted 00:02:24 (1059 turns).

Gargoyl the Skirmisher (Ghoul Abyssal Knight)       Turns: 1059, Time: 00:02:25

Health: 0/31       AC:  4    Str: 15    XL:     3   Next: 18%
Magic:  3/3        EV: 13    Int:  7    God:    Lugonu [*.....]
Gold:   91         SH:  7    Dex: 14    Spells: 0 memorised, 2 levels left

rFire  . . .     SeeInvis .     a - +1 hand axe
rCold  + . .     Gourm    .     b - +0 leather armour
rNeg   + + +     Faith    .     d - +0 shield (curse)
rPois  ∞         Spirit   .     (no helmet)
rElec  .         Reflect  .     (no cloak)
rCorr  .         Harm     .     i - +0 pair of gloves
MR     .....                    (no boots)
Stlth  ++........               (no amulet)
                                (no ring)
                                (no ring)

@: agile, about to teleport, rotting
A: rotting body, claws 1, carnivore 3, cold resistance 1, negative energy
resistance 3, slow regeneration 1, torment resistance, unbreathing
a: Depart the Abyss, Renounce Religion


You were on level 1 of the Dungeon.
You worshipped Lugonu.
Lugonu was aware of your devotion.
You were not hungry.

You visited 1 branch of the dungeon, and saw 2 of its levels.
You visited the Abyss 1 time.

You collected 91 gold pieces.

Inventory:

Hand Weapons
 a - a +1 hand axe (weapon)
Armour
 b - a +0 leather armour (worn)
 d - a cursed +0 shield (worn)
 i - a +0 pair of gloves (worn)
Scrolls
 e - a scroll of identify
 g - a scroll of teleportation
Comestibles
 c - 3 meat rations
 f - 2 chunks of flesh


   Skills:
 + Level 3.4 Fighting
 + Level 2.0 Axes
 * Level 2.3 Armour
 + Level 1.1 Dodging
 * Level 2.6 Invocations


You had 2 spell levels left.
You didn't know any spells.

Dungeon Overview and Level Annotations

Branches:
Dungeon (2/15)

Altars:

Annotations:
D:2 Robin


Innate Abilities, Weirdness & Mutations

Your body is rotting away.
You thrive on raw meat.
You are immune to poison.
You have sharp fingernails.
You are carnivorous and can eat meat at any time.
Your flesh is cold resistant. (rC+)
You are immune to negative energy. (rN+++)
You regenerate slowly when monsters are visible.
You are immune to unholy pain and torment.
You can survive without breathing.


Message History

The hobgoblin hits you but does no damage.
You block the leopard gecko's attack.
As you read the scroll of teleportation, it crumbles to dust.
You feel strangely unstable.
The goblin hits you with a dagger of venom.
* * * LOW HITPOINT WARNING * * *
The goblin barely misses you. You block the goblin's attack.
The leopard gecko bites you but does no damage.
The hobgoblin barely misses you.
You hit the goblin.
The goblin is severely wounded.
You hit the hobgoblin. You closely miss the goblin. You hit the goblin.
You kill the goblin!
Lugonu accepts your kill.
You hit the leopard gecko.
You kill the leopard gecko!
Lugonu accepts your kill. You block the goblin's attack.
You block the hobgoblin's attack. The goblin hits you.
You die...

.....# #.....#.# ######
♣.♣#♣##.# ######
#.#...#)# #....##
♣.♣.#.#.# ##..♣..##
#...#...####...♣...####
######.......P.♣♣.....#
#.g###)...♣♣)###.#
#g.###..P♣♣P.# #.#
#g@#..♣♣♣♣P..# #.#
##gg.♣.♣♣P..## #.#
#...P.♣.P..# #.#
#.#.P....[.# #.#
#.###.#.##.# #.# #.#
#.#..#.# #.# #.#
#.#.##.# #.#
#.###.#....# #.##
#.....###### ##..#


You could see 2 hobgoblins and 3 goblins.

Vanquished Creatures
  2 leopard geckos (D:1)
  A giant cockroach (D:1)
  9 goblins (D:1)
  3 hobgoblins (D:1)
  A ball python (D:1)
  A bat (D:1)
  2 frilled lizards (D:1)
  4 kobolds (D:1)
  A rat (D:1)
  A plant (D:1)
25 creatures vanquished.

Notes
Turn   | Place    | Note
-------+----------+-------------------------------------------
     0 | Abyss:1  | Gargoyl the Ghoul Abyssal Knight began the quest for the Orb.
     0 | Abyss:1  | Reached XP level 1. HP: 19/19 MP: 1/1
    82 | Abyss:2  | Noticed a raiju
    82 | D:1      | Escaped the Abyss
   215 | D:1      | Reached skill level 1 in Dodging
   334 | D:1      | Reached XP level 2. HP: 20/26 MP: 2/2
   398 | D:1      | Reached * piety under Lugonu
  1012 | D:2      | Noticed Robin
  1033 | D:1      | Reached XP level 3. HP: 26/31 MP: 3/3
  1058 | D:1      | HP: 1/31 [goblin/dagger of venom[Robin] (3)]
  1059 | D:1      | Slain by a goblin

Skill      XL: |  1  2  3 |
---------------+----------+-----
Dodging        | 1 |  1.1
Armour         | 2 |  2.3
Axes           | 2 |  2.0
Fighting       | |  3.4
Invocations    | |  2.6

Action                   || total
-------------------------++-------
Melee: Hand axe          ||   133
Invok: Depart the Abyss  ||     1
  Use: Scroll            ||     2
       Potion            ||     1
  Eat: Chunk             ||    16
Armor: Leather armour    ||    19
Dodge: Dodged            ||    42
Block: Shield            ||    36
